 Dungeon Crawl Stone Soup version 0.30.0-29-ga12c61a403 (webtiles) character file.

Game seed: 4814292393164310320

19274 KamiKatze the Cleaver (level 12, -5/61 (64) HPs)
             Began as a Vine Stalker Fighter on June 5, 2023.
             Was a Believer of Uskayaw.
             Slain by a black mamba (6 damage)
             ... on level 2 of the Lair of Beasts.
             The game lasted 00:32:05 (9111 turns).

KamiKatze the Cleaver (Vine Stalker Fighter)        Turns: 9111, Time: 00:32:06

HP:   -5/61 (64)    AC: 18    Str: 22    XL:     12   Next: 67%
MP:   0/18          EV: 14    Int:  8    God:    Uskayaw [**....]
Gold: 281           SH:  5    Dex: 16    Spells: 11/11 levels left

rFire   . . .        a - +0 war axe (vamp)
rCold   . . .        c - +0 buckler
rNeg    . . .        x - +0 swamp dragon scales
rPois   +            z - +1 helmet of Hubris {rPois Regen+}
rElec   .            v - +0 cloak
rCorr   .            e - +2 pair of gloves
SInv    .            A - +1 pair of boots
Will    +....        b - amulet of faith
Stlth   +            G - ring of flight
HPRegen 1.90/turn    (no ring)
MPRegen 0.16/turn

%: guardian spirit, faith
@: lethally poisoned (-5 -> -10), flying, lightly drained
A: fangs 3, regeneration 1, magic shield, antimagic bite, no potion heal 2
a: Renounce Religion, Stomp, Line Pass


You were on level 2 of the Lair of Beasts.
You worshipped Uskayaw.
Uskayaw was noncommittal.
You visited 3 branches of the dungeon, and saw 14 of its levels.

You collected 1157 gold pieces.
You spent 876 gold pieces at shops.

Inventory:

Hand Weapons
 a - a +0 vampiric war axe (weapon)
 d - a +2 broad axe of flaming
 n - a +0 war axe
 u - a +0 flail of protection
Missiles
 k - 6 curare-tipped darts (quivered)
 s - 4 poisoned darts
 I - 2 throwing nets
Armour
 c - a +0 buckler (worn)
 e - a +2 pair of gloves (worn)
 h - a +0 chain mail
 v - a +0 cloak (worn)
 x - +0 swamp dragon scales (worn)
 z - the +1 helmet of Hubris (worn) {rPois Regen+}
   (You bought it in a shop on level 5 of the Dungeon)

   rPois:     It protects you from poison.
   Regen:     It increases your rate of health regeneration.
 A - a +1 pair of boots (worn)
Jewellery
 b - an amulet of faith (around neck)
 E - a ring of ice
 F - a +6 ring of intelligence
 G - a ring of flight (left hand)
Wands
 t - a wand of paralysis (6)
 y - a wand of polymorph (10)
 B - a wand of flame (1)
Scrolls
 f - 2 scrolls of magic mapping
 i - a scroll of identify
 l - 7 scrolls of teleportation
 D - 2 scrolls of blinking
 H - a scroll of brand weapon
Potions
 g - 3 potions of haste
 j - 4 potions of resistance
 m - a potion of magic
 o - 2 potions of mutation
 p - 2 potions of attraction
 q - 2 potions of brilliance
 r - 3 potions of curing
 w - 2 potions of lignification
 C - a potion of cancellation


   Skills:
 + Level 8.1 Fighting
 * Level 11.1 Axes
 + Level 7.4 Armour
 + Level 7.0 Dodging
 - Level 4.0 Shields
 * Level 7.5 Invocations
 - Level 3.0 Evocations


You had 11 spell levels left.
You didn't know any spells.
Your spell library contained the following spells:

 Spells                   Type           Power      Damage    Failure   Level
 Blink                    Tloc           0%         N/A       77%         2
 Lesser Beckoning         Tloc           0%         N/A       77%         2
 Momentum Strike          Conj/Tloc      0%         3d8       77%         2
 Call Canine Familiar     Summ           0%         N/A       94%         3
 Inner Flame              Hex/Fire       0%         N/A       94%         3
 Portal Projectile        Hex/Tloc       0%         N/A       94%         3
 Tukima's Dance           Hex            0%         N/A       94%         3
 Cause Fear               Hex            0%         N/A       100%        4
 Flame Wave               Conj/Fire      0%         2d4       100%        4
 Leda's Liquefaction      Hex/Erth       0%         N/A       100%        4
 Sticky Flame             Conj/Fire      0%         2d3       100%        4
 Blade Hands              Tmut           0%         N/A       100%        5
 Lee's Rapid Deconstruct  Erth           0%         3d4*      100%        5
 Statue Form              Tmut/Erth      0%         N/A       100%        6
 Dragon Form              Tmut           0%         N/A       100%        7
 Dragon's Call            Summ           0%         N/A       100%        9


Dungeon Overview and Level Annotations

Branches:
Dungeon (10/15)            Temple (1/1) D:6            Lair (3/5) D:10
 Shoals (0/4) Lair:2          Orc (0/2) D:9
  Snake: Lair:2-3    Spider: Lair:2-3

Altars:
Ashenzari
Cheibriados
Dithmenos
Elyvilon
Fedhas
Gozag
Hepliaklqana
Kikubaaqudgha
Makhleb
Nemelex Xobeh
Okawaru
Qazlal
Ru
Sif Muna
Trog
Uskayaw
Vehumet
Wu Jian
Xom
Yredelemnul
Zin
The Shining One

Shops:
D:4 [   D:5 :**[((=

Annotations:
Lair:2 Nergalle


Innate Abilities, Weirdness & Mutations

You have razor-sharp teeth.
Your natural rate of healing is unusually fast.
When hurt, damage is shared between your health and your magic reserves.
Your bite disrupts and absorbs the magic of your enemies.
Potions cannot restore your health.


Message History

The spectral orc knight closely misses you.
The spectral orc warrior closely misses you.
The spectral orc knight hits you with a +0 bardiche!
* * * LOW HITPOINT WARNING * * *
The black mamba completely misses you.
You can now pass through a line of other dancers.
You slash Nergalle!
Nergalle is lightly wounded.
You barely miss the black mamba.
You barely miss the spectral orc knight.
You hit the spectral orc knight.
* * * LOW HITPOINT WARNING * * *
You feel extremely sick.
You block the spectral orc knight's attack.
The black mamba closely misses you. Nergalle hits you with a +0 dagger.
* * * LOW HITPOINT WARNING * * *
The spectral orc knight closely misses you.
The spectral orc warrior hits you from afar with a +0 trident.
* * * LOW HITPOINT WARNING * * *
You feel drained.
* * * LOW HITPOINT WARNING * * *
The spectral orc knight barely misses you.
The black mamba barely misses you.
You closely miss Nergalle. You bite Nergalle!
Nergalle's magic leaks into the air.
You drain her magic.
You feel invigorated.
Nergalle is moderately wounded.
You barely miss the spectral orc knight.
You hit the black mamba.
You feel better.
You hit the spectral orc knight but do no damage.
* * * LOW HITPOINT WARNING * * *
You feel very sick. The black mamba bites you!
* * * LOW HITPOINT WARNING * * *
Nergalle hits you with a +0 dagger.
You block the spectral orc warrior's attack.
The spectral orc knight barely misses you.
The spectral orc knight hits you with a +0 bardiche!
* * * LOW HITPOINT WARNING * * *
The black mamba bites you.
You die...

#######...#
#≈≈≈≈#
#..!....##
#≈≈≈##
#.P.##...#
##≈# #.##
#...# #
##.## #.)#
#Z## #ZZ#
#@.# #So##
..#..
#.#..P# .P.
...# .P.
.#.## ..#
.... ..
.....


You could see Nergalle (magic disrupted), a spectral orc warrior (summoned), 2
spectral orc knights and a black mamba.

Vanquished Creatures
  Fannar (D:10)
  A two-headed ogre (D:8)
  Sonja (D:10)
  Lodul (D:10)
  Joseph (D:10)
  7 cane toads
  A torpor snail (Lair:1)
  A gargoyle (D:8)
  2 rime drakes (Lair:1)
  Maggie (D:6)
  Psyche (D:9)
  3 komodo dragons
  4 merfolk (Lair:2)
  A troll (D:10)
  A blink frog (Lair:1)
  Sigmund (D:5)
  A slime creature (D:8)
  2 shadows
  2 wyverns
  26 yaks
  A wraith (D:8)
  Eustachio (D:6)
  A steam dragon (D:7)
  Duvessa (D:6)
  A two-headed ogre zombie (D:9)
  2 sky beasts (D:8)
  6 water moccasins
  An ice beast (D:6)
  3 orc warriors
  A black bear (D:5)
  5 wolves (Lair:1)
  5 centaurs
  10 ogres
  2 kobold brigands (D:8)
  A phantom (D:8)
  7 bullfrogs
  3 scorpions
  3 wights (D:8)
  Dowan (D:6)
  8 killer bees
  3 howler monkeys
  2 electric eels (Lair:1)
  2 orc priests (D:3)
  3 gnoll boudas
  7 hounds
  A jelly (D:4)
  2 sleepcaps
  An iguana (D:6)
  6 hell rats (Lair:1)
  8 orc wizards
  7 ogre zombies (D:9)
  A mummy (D:6)
  Robin (D:4)
  10 gnolls
  10 adders
  A white imp (D:8)
  2 ufetubi
  A worm (D:2)
  4 dart slugs
  36 orcs
  6 endoplasms
  3 giant cockroaches
  10 goblins
  10 hobgoblins
  3 jackals (D:3)
  2 kobolds (D:2)
  3 quokkas
  10 ball pythons
  6 bats
  2 frilled lizards
  3 goblin skeletons (D:9)
  A hobgoblin skeleton (D:9)
  3 hobgoblin zombies
  2 kobold zombies (D:6)
  5 orc skeletons (D:9)
  15 orc zombies
  3 rats
  A spectral hobgoblin (D:2)
318 creatures vanquished.

Notes
Turn   | Place    | Note
-------+----------+-------------------------------------------
     0 | D:1      | KamiKatze the Vine Stalker Fighter began the quest for the
                  | Orb.
     0 | D:1      | Reached XP level 1. HP: 11/11 MP: 2/2
   146 | D:1      | Reached skill level 2 in Axes
   146 | D:1      | Reached XP level 2. HP: 15/16 MP: 1/3
   781 | D:2      | Found a faded altar of an unknown god.
  1004 | D:2      | Reached XP level 3. HP: 19/19 MP: 4/4
  1375 | D:3      | Reached skill level 1 in Dodging
  1446 | D:3      | Gained mutation: Your natural rate of healing is unusually
                  | fast. [Vine Stalker growth]
  1446 | D:3      | Reached XP level 4. HP: 23/23 MP: 5/5
  1619 | D:3      | Reached XP level 5. HP: 27/28 MP: 2/6
  1754 | D:3      | Reached skill level 3 in Axes
  1949 | D:3      | Found an iron altar of Okawaru.
  2125 | D:4      | Reached XP level 6. HP: 24/32 MP: 7/7
  2236 | D:4      | You fall into a shaft and drop 3 floors!
  2283 | D:7      | Reached skill level 4 in Axes
  2283 | D:7      | Reached XP level 7. HP: 34/37 MP: 6/8
  2538 | D:7      | Noticed a steam dragon
  2544 | D:7      | Killed a steam dragon
  2545 | D:7      | Reached skill level 5 in Axes
  2547 | D:7      | Gained mutation: You have razor-sharp teeth. [Vine Stalker
                  | growth]
  2547 | D:7      | Reached XP level 8. HP: 31/42 MP: 7/9
  2716 | D:5      | Entered Level 5 of the Dungeon
  2716 | D:5      | Noticed Sigmund
  2716 | D:5      | Found Atwyd's Book Boutique.
  2872 | D:6      | Reached skill level 6 in Axes
  2894 | D:6      | Found an opulent altar of Gozag.
  2927 | D:6      | Noticed Maggie
  2938 | D:6      | Killed Maggie
  2939 | D:6      | Reached skill level 5 in Fighting
  2939 | D:6      | Reached XP level 9. HP: 36/47 MP: 10/10
  2953 | D:6      | Noticed Eustachio
  2959 | D:6      | Killed Eustachio
  3034 | D:5      | Found Qeblem's General Store.
  3135 | D:5      | Found Naosim's Antique Weapon Shop.
  3195 | D:5      | Reached skill level 7 in Axes
  3210 | D:5      | Found Efusawne's Armour Boutique.
  3210 | D:5      | Found Lonwi's Assorted Antiques.
  3300 | D:4      | Found an ancient bone altar of Kikubaaqudgha.
  3431 | D:4      | Noticed Robin
  3455 | D:4      | Killed Robin
  3559 | D:4      | Found Losich's Armour Boutique.
  3755 | D:5      | Reached skill level 5 in Armour
  3785 | D:5      | Found Ynig's Jewellery Emporium.
  3809 | D:5      | Found Agurgh's Weapon Boutique.
  3834 | D:5      | Bought a scroll labelled LEINKA RYICZA for 34 gold pieces
  3834 | D:5      | Bought a scroll labelled RAVVOOK HEFOTH for 34 gold pieces
  3854 | D:5      | Bought the +1 helmet of Hubris {rPois Regen+} for 248 gold
                  | pieces
  4054 | D:5      | Found a radiant altar of Vehumet.
  4126 | D:5      | Killed Sigmund
  4156 | D:6      | Noticed Duvessa
  4156 | D:6      | Noticed Dowan
  4181 | D:6      | Killed Duvessa
  4192 | D:6      | Killed Dowan
  4232 | D:6      | Found a staircase to the Ecumenical Temple.
  4237 | Temple   | Entered the Ecumenical Temple
  4289 | Temple   | Became a worshipper of Uskayaw the Reveller
  4361 | D:6      | Identified the staff of cold "Zetafry" {Drain rElec rC+
                  | rN+++ Str+3}
  4380 | D:6      | Found a shadowy altar of Dithmenos.
  4381 | D:6      | Found a hazy altar of Hepliaklqana.
  4453 | D:6      | Found an ornate altar of the Wu Jian Council.
  4758 | D:7      | Reached * piety under Uskayaw
  4796 | D:7      | Found a broken altar of Ashenzari.
  4796 | D:7      | Found a blossoming altar of Fedhas.
  4983 | D:8      | Reached ** piety under Uskayaw
  5017 | D:8      | Reached *** piety under Uskayaw
  5019 | D:8      | Reached **** piety under Uskayaw
  5020 | D:8      | Reached skill level 8 in Axes
  5021 | D:8      | Reached ***** piety under Uskayaw
  5025 | D:8      | Reached XP level 10. HP: 51/53 MP: 8/11
  5033 | D:8      | Noticed a gargoyle
  5033 | D:8      | Reached ****** piety under Uskayaw
  5037 | D:8      | Reached skill level 5 in Dodging
  5281 | D:8      | Noticed a two-headed ogre
  5445 | D:8      | Reached skill level 1 in Invocations
  5517 | D:8      | Killed a two-headed ogre
  5518 | D:8      | Reached skill level 9 in Axes
  5527 | D:8      | HP: 2/53 [wraith (5)]
  5528 | D:8      | Killed a gargoyle
  5618 | D:9      | Found a staircase to the Orcish Mines.
  5712 | D:9      | Reached XP level 11. HP: 54/58 MP: 11/14
  5799 | D:9      | Found a snail-covered altar of Cheibriados.
  6039 | D:9      | Noticed Psyche
  6050 | D:9      | Killed Psyche
  7086 | D:10     | Entered Level 10 of the Dungeon
  7210 | D:10     | Found a staircase to the Lair.
  7212 | D:10     | Noticed Joseph
  7228 | D:10     | Killed Joseph
  7256 | D:10     | Reached skill level 1 in Evocations
  7280 | D:10     | Noticed Fannar
  7312 | D:10     | Reached skill level 5 in Invocations
  7329 | D:10     | Killed Fannar
  7330 | D:10     | Reached skill level 10 in Axes
  7350 | D:10     | Noticed Lodul
  7364 | D:10     | Killed Lodul
  7466 | D:10     | Noticed Sonja
  7473 | D:10     | Killed Sonja
  7490 | D:10     | Found a stormy altar of Qazlal.
  7612 | D:5      | Bought an amulet of faith for 560 gold pieces
  7892 | D:10     | Identified the +0 helmet "Moewouno" {Int+2}
  8217 | D:10     | Found a burning altar of Makhleb.
  8340 | Lair:1   | Entered Level 1 of the Lair of Beasts
  8350 | Lair:1   | Reached XP level 12. HP: 63/63 MP: 17/17
  8908 | Lair:2   | Found a staircase to the Shoals.
  8927 | Lair:2   | You are sucked into a shaft and drop 1 floor!
  8942 | Lair:3   | Reached skill level 11 in Axes
  9102 | Lair:2   | Noticed Nergalle
  9111 | Lair:2   | HP: 3/61 [black mamba (2)]
  9111 | Lair:2   | HP: 1/61 [spectral orc knight/+0 bardiche[Nergalle] (2)]
  9111 | Lair:2   | Slain by a black mamba

Illustrated notes

Levels and vault maps discovered:
D:1:      lightli_arrival_isolated_outpost, layout_loops_cross
D:2:      layout_basic, dreamdust_ecumenical_altar_drowned_temple
D:3:      layout_basic, general_overflow_altar, minmay_fountain_box,
          kennysheep_another_room, grunt_ministairs_9
D:4:      layout_loops_ring, mainiacjoe_overflow_alcove_1, serial_shops, shop,
          uniq_robin
D:5:      layout_rooms, pf_just_have_faith, serial_shops, shop,
          nicolae_shop_national_dungeon_mall, uniq_sigmund
D:6:      layout_cave_pools, riverfiend_overflow_shadow_ancestor,
          pdpol_wu_jian_five_deadly_venoms, mainiacjoe_overflow_small_starburst,
          minmay_temple_entry_arrows, minmay_mini_ossuary, uniq_duvessa,
          uniq_eustachio, uniq_maggie
D:7:      layout_loops_ring, gammafunk_temple_overflow_wave
D:8:      cheibrodos_fzero, layout_layer_cave, minmay_misc_feat_diagonals
D:9:      layout_loops_ring, cheibriados_altar_1, zombieorc2_lemuel, uniq_psyche
D:10:     layout_loops_cross, mainiacjoe_overflow_alcove_2,
          amcnicky_altar_gilded, lair_entry_dummy, serial_co_window_serial,
          co_window_corner_a, co_window_paths_a, co_window_of_opportunity_a,
          co_window_paths_b, co_window_corner_a, co_window_of_opportunity_a,
          co_window_corner_cb, co_window_2corner, co_window_of_opportunity_b,
          co_window_broadway_c, co_window_broadway_c,
          co_window_of_opportunity_c, co_window_corner_ca, co_window_paths_d,
          glass_columns_c, glass_columns_a, uniq_joseph, uniq_lodul, uniq_sonja,
          uniq_fannar
Temple:   eino_wide_crystal_templ
Lair:1:   layout_hall_layers, nicolae_quartered_pool_little,
          guppyfry_lair_drakes, lemuel_fruit_fields, lemuel_fruit_tree
Lair:2:   layout_loops_ring, elwin_shoals_entry_stream, serial_bayou_lagoon_a,
          chequers_serial_rivers_large_a, grunt_forest_large_clearing_hut,
          uniq_erica, uniq_nergalle
Lair:3:   layout_cave_pods, spider_nest_entry_webs

Skill      XL: |  1  2  3  4  5  6  7  8  9 10 11 12 |
---------------+-------------------------------------+-----
Axes           | 2 3 4 5 6 8 9 10 11 | 11.1
Shields        | 3 4 |  4.0
Dodging        | 1 2 3 4 5 6 7 |  7.0
Fighting       | 3 4 5 6 7 8 |  8.1
Armour         | 3 4 5 6 7 |  7.4
Invocations    | 3 6 7 |  7.5
Evocations     | 3 |  3.0

Action                     |  1- 3 |  4- 6 |  7- 9 | 10-12 || total
---------------------------+-------+-------+-------+-------++-------
  Melee: War axe           |    91 |   105 |   263 |   525 ||   984
         Bite              |    14 |    27 |    82 |   180 ||   303
  Evoke: Wand              |       |       |       |     3 ||     3
    Use: Potion            |       |       |     2 |       ||     2
         Scroll            |       |       |    16 |     4 ||    20
   Stab: Paralysed         |       |       |     4 |    83 ||    87
 Armour: Scale mail        |    39 |    50 |   118 |   133 ||   340
         Swamp dragon scal |       |       |       |    90 ||    90
  Dodge: Dodged            |    45 |    47 |   141 |   308 ||   541
  Block: Buckler           |    23 |    28 |    66 |   132 ||   249
